Map: Eternal Empire LE

Players

Rogue - Winner!

  • Race: Zerg Zerg
  • Spawn Location: 7:00

Reynor

  • Race: Zerg Zerg
  • Spawn Location: 1:00

Event: IEM Katowice 2020

VOD

Have the link to the VOD?

Description

Time

  • Played on: Feb. 27, 2020, 1:53 p.m.
  • Length: 8:53

All games in this series

Show
View Real Time Build Order
Export as new Build Order

Rogue Zerg - Winner!

Build Orders: Hatch First 

Get SALT Encoding   

  12  0:00  Drone  
  13  0:12  Overlord  
  13  0:17  Drone  
  14  0:30  Drone  
  14  0:31  Drone  
  16  0:48  Hatchery  
  15  0:50  Drone  
  15  0:54  Drone  
  17  0:57  Drone  
  18  1:08  Extractor  
  17  1:12  Spawning Pool  
  17  1:16  Drone  
  17  1:20  Drone  
  18  1:28  Drone  
  19  1:39  Drone  
  20  1:50  Drone  
  21  1:59  Queen  
  21  2:00  Queen  
  26  2:01  Drone, Overlord  
  26  2:11  Drone x2  
  26  2:13  Metabolic Boost  
  28  2:21  Drone  
  28  2:22  Zergling x2  
  30  2:34  Hatchery, Drone  
  30  2:39  Zergling x2  
  31  2:44  Drone x2  
  31  2:48  Baneling Nest  
  32  2:54  Overlord  
  32  2:56  Drone  
  35  3:08  Zergling x4  
  35  3:09  Drone  
  36  3:13  Drone x5  
  36  3:19  Queen  
  41  3:23  Overlord  
  43  3:27  Drone  
  43  3:30  Evolution Chamber  
  43  3:33  Drone  
  44  3:38  Lair  
  44  3:41  Extractor  
  43  3:42  Drone x2  
  43  3:44  Drone  
  43  3:45  Drone  
  43  3:48  Drone  
  48  3:51  Drone x2  
  48  3:54  Drone  
  51  3:56  Drone x2  
  51  4:01  Overlord  
  53  4:04  Zergling x2, Extractor x2  
  53  4:05  Drone  
  53  4:14  Zergling x2  
  53  4:15  Zergling x2  
  55  4:17  Drone x3  
  55  4:18  Overlord  
  58  4:26  Roach Warren  
  58  4:29  Zergling x6  
  58  4:30  Zergling x2  
  61  4:37  Spire  
  60  4:41  Zergling x6  
  60  4:43  Baneling x2  
  60  4:44  Zergling x6  
  67  4:48  Zergling x2  
  67  4:49  Zergling x4  
  67  4:52  Zergling x4  
  72  4:55  Overlord  
  72  4:59  Baneling x4  
  72  5:01  Zergling x2  
  72  5:06  Zergling x2  
  72  5:08  Zergling x2  
  72  5:10  Zergling x2  
  72  5:11  Zergling x8  
  73  5:17  Zergling x2  
  73  5:22  Zergling x10  
  73  5:24  Zergling x2  
  73  5:25  Baneling x2  
  73  5:26  Zergling x2  
  77  5:33  Zergling x2  
  75  5:37  Zergling x2  
  75  5:39  Zergling x2  
  75  5:40  Zergling x4  
  75  5:41  Zergling x2  
  75  5:42  Zergling x2  
  77  5:43  Zergling x6  
  69  5:57  Mutalisk x3  
  69  5:59  Mutalisk  
  69  6:03  Mutalisk x2  
  80  6:05  Mutalisk  
  80  6:10  Mutalisk  
  80  6:13  Mutalisk  
  80  6:24  Mutalisk x2  
  80  6:25  Overlord x2  
  81  6:29  Drone  
  81  6:31  Extractor x2  
  79  6:37  Zerg Flyer Weapons Level 1  
  79  6:41  Overlord  
  79  6:44  Mutalisk  
  79  6:45  Drone x3  
  81  6:55  Mutalisk  
  81  6:57  Zergling x4  
  81  6:58  Zergling x8  
  89  7:05  Mutalisk  
  82  7:09  Zergling x8  
  82  7:14  Mutalisk  
  88  7:18  Zergling x4  
  89  7:24  Mutalisk  
  89  7:26  Zergling x6  
  94  7:31  Mutalisk  
  94  7:33  Zergling x8  
  94  7:36  Mutalisk  
  100  7:42  Drone x2  
  102  7:48  Mutalisk  
  102  7:50  Drone x2  
  102  7:51  Drone  
  105  7:55  Overlord x2  
  105  8:01  Overlord  
  105  8:02  Overlord  
  105  8:10  Overlord x2  
  105  8:15  Overlord x2  
  102  8:36  Roach Warren  
  107  8:42  Spore Crawler  
Show
View Real Time Build Order
Export as new Build Order

Reynor Zerg 

Build Orders: Hatch First 

Get SALT Encoding   

  12  0:00  Drone  
  13  0:12  Overlord  
  13  0:17  Drone  
  14  0:30  Drone x2  
  16  0:48  Hatchery  
  15  0:51  Drone  
  15  0:55  Drone  
  17  0:58  Drone  
  18  1:09  Extractor  
  17  1:13  Spawning Pool  
  17  1:16  Drone  
  17  1:20  Drone  
  18  1:27  Drone  
  19  1:39  Drone  
  20  1:49  Drone  
  21  1:59  Overlord  
  21  2:00  Zergling x2, Queen x2  
  26  2:10  Drone x2  
  26  2:12  Metabolic Boost  
  28  2:21  Drone x2  
  30  2:34  Hatchery  
  29  2:38  Drone  
  29  2:39  Drone  
  29  2:43  Drone  
  32  2:51  Baneling Nest  
  32  2:53  Drone  
  32  2:54  Overlord  
  32  2:57  Zergling x2  
  33  3:05  Drone x2  
  35  3:09  Drone  
  35  3:12  Zergling x6  
  39  3:14  Drone x2  
  39  3:18  Overlord  
  41  3:21  Drone  
  41  3:27  Queen  
  42  3:31  Evolution Chamber  
  42  3:32  Drone  
  44  3:39  Lair  
  43  3:42  Drone x2  
  43  3:44  Drone  
  43  3:45  Drone  
  43  3:47  Drone  
  48  3:50  Drone  
  48  3:51  Extractor  
  48  3:53  Drone  
  48  3:54  Drone  
  50  3:58  Drone x2  
  52  4:04  Zerg Melee Weapons Level 1  
  52  4:06  Drone x3  
  55  4:12  Extractor, Overlord  
  55  4:13  Drone x2  
  56  4:17  Drone  
  56  4:18  Baneling  
  56  4:19  Drone  
  56  4:22  Extractor  
  57  4:25  Drone, Roach Warren  
  57  4:28  Overlord  
  57  4:29  Drone  
  57  4:31  Drone  
  59  4:35  Drone x2  
  61  4:41  Zergling x4  
  62  4:46  Drone x3  
  62  4:50  Spire  
  62  4:51  Zergling x4  
  66  4:53  Baneling x2  
  66  4:55  Baneling x2  
  66  4:56  Drone  
  66  4:57  Drone  
  68  5:06  Zergling x6  
  71  5:12  Drone x4  
  73  5:17  Zergling x2  
  73  5:21  Overlord  
  73  5:24  Zergling x8  
  68  5:28  Zergling x6  
  68  5:31  Zergling x4  
  68  5:35  Queen  
  68  5:39  Zergling x4  
  68  5:40  Zergling x2  
  69  5:43  Zergling x2  
  69  5:44  Zergling x4  
  69  5:48  Zergling x2  
  64  5:50  Zergling x2  
  64  5:52  Zergling x2, Queen  
  66  6:02  Zergling x6  
  66  6:03  Queen  
  66  6:07  Baneling  
  66  6:08  Zergling x2  
  66  6:10  Zergling x2  
  64  6:13  Baneling  
  64  6:14  Zergling x2  
  64  6:15  Baneling  
  64  6:20  Zergling x2  
  62  6:25  Zergling x4  
  62  6:32  Corruptor x2  
  67  6:34  Corruptor  
  69  6:40  Corruptor  
  69  6:46  Corruptor x3  
  77  6:49  Overlord  
  77  6:53  Corruptor  
  77  6:59  Corruptor  
  73  7:04  Corruptor  
  71  7:10  Corruptor  
  64  7:29  Drone x4  
  59  7:33  Zergling x2  
  59  7:36  Zergling x4  
  60  7:44  Baneling x2  
  60  7:45  Zergling x6  
  60  7:49  Baneling x3  
  60  7:50  Zergling x4  
  63  7:53  Zergling x2  
  63  7:55  Zergling x2  
  63  7:56  Zergling x2  
  66  7:59  Spore Crawler  
  66  8:01  Zergling x2  
  66  8:03  Baneling x2  
  66  8:06  Zergling x2  
  66  8:12  Overlord  
  67  8:14  Overlord  
  67  8:18  Baneling x3  
  64  8:27  Overlord  
  64  8:33  Zergling x4  

Tags
 
Add a new tag
Caveats
  • Supply blocks, unpowered buildings, or Contaminate may cause inaccurate times.
  • Supply counts are checked every 10 seconds.